 Dungeon Crawl Stone Soup version 0.15-a0-1537-ge1f089e (webtiles) character file.

1003 Crauler the Ruffian (level 8, 0/63 HPs)
             Began as a Purple Draconian Transmuter on June 16, 2014.
             Shot with an arrow by a centaur (4 damage)
             ... on Level 6 of the Dungeon.
             The game lasted 00:21:31 (6103 turns).

Crauler the Ruffian (Purple Draconian Transmuter)   Turns: 6103, Time: 00:21:31

HP   0/63        AC  2     Str 13      XL: 8   Next:  0%
MP  12/18        EV 22     Int 17      God:
Gold 248         SH  0     Dex 17      Spells:  2 memorised, 11 levels left

rFire  . . .     SeeInvis .       - Unarmed
rCold  . . .     Rnd*Rage +     (armour unavailable)
rNeg   . . .     rCorr    .     (shield currently unavailable)
rPois  x         rRot     .     (helmet currently unavailable)
rElec  .         Spirit   .     (cloak currently unavailable)
SustAb .         Warding  .     s - melded +0 pair of gloves
rMut   .         Stasis   .     (boots currently unavailable)
Gourm  .                        (no amulet)
MR     ++...                    (no ring)
                                e - ring of protection from magic

@: spider-form, very slightly contaminated, very resistant to hostile
enchantments, unstealthy
A: (breathe power), unfitting armour, (stinger 0), berserk 1, clever 1,
(cold-blooded), AC +6
a: End Transformation


You were on level 6 of the Dungeon.
You were not hungry.
You were in spider-form.
You visited 1 branch of the dungeon, and saw 6 of its levels.

You collected 248 gold pieces.

Inventory:

Hand weapons
 t - a +0 blowgun
Missiles
 g - 6 curare-tipped needles
 u - 25 poisoned needles
 y - 5 steel javelins (quivered)
Armour
 s - a +0 pair of gloves (melded)
Comestibles
 a - 2 bread rations
 f - a fruit
 j - 3 meat rations
 n - 2 beef jerkies
 w - a royal jelly
Scrolls
 k - 2 scrolls of teleportation
 l - 3 scrolls of enchant weapon
 m - 3 scrolls of identify
 p - 2 scrolls of immolation
 v - a scroll of remove curse {unknown}
Jewellery
 e - a ring of protection from magic (left front leg)
 i - an uncursed amulet of stasis
 x - an uncursed ring of protection from magic
Potions
 b - a potion of poison {unknown}
 c - a potion of restore abilities
 h - a potion of heal wounds
 o - 3 potions of curing
 q - a potion of might
Books
 d - a book of Changes

   Spells                             Type                      Level
   *Beastly Appendage                 Transmutation                1
   Sticks to Snakes                   Transmutation                2
   *Spider Form                       Transmutation/Poison         3
   Ice Form                           Ice/Transmutation            4
   Blade Hands                        Transmutation                5


   Skills:
 + Level 3.3 Fighting
 * Level 4.4 Dodging
 * Level 5.5 Unarmed Combat
 + Level 4.1 Spellcasting
 * Level 5.1 Transmutations


You had 11 spell levels left.
You knew the following spells:

 Your Spells              Type           Power        Failure   Level  Hunger
a - Beastly Appendage     Trmt           ###...       8%          1    None
b - Spider Form           Trmt/Pois      ##........   36%         3    ###....


Dungeon Overview and Level Annotations

Branches:
Dungeon (6/15)
 Temple: D:4-7

Altars:
Kikubaaqudgha
Xom
Zin

Shops:
D:5 (%:*


Innate Abilities, Weirdness & Mutations

((You can breathe bolts of energy.))*
((You can dispel enchantments when you breathe energy.))*
((Your rich purple scales are hard (AC +6).))*
Your body does not fit into most forms of armour.
((Your cold-blooded metabolism reacts poorly to cold.))*
((Your tail ends in a poisonous barb.))*
You tend to lose your temper in combat.
Your mind is acute. (Int +2)


Message History

Confirm with . or Enter, or press ? or * to list all spells.
You miscast Spider Form.
You are very lightly contaminated with residual magic.
Your vision is briefly tinged with green.
The centaur wields a glowing shortbow.
It bursts into flame!
The centaur shoots an arrow.
The arrow closely misses you.
The centaur shoots an arrow.
The arrow barely misses you.
Casting: Spider Form
Confirm with . or Enter, or press ? or * to list all spells.
You turn into a venomous arachnid creature.
Your +0 pair of gloves melds into your body.
The centaur shoots an arrow.
The arrow misses you.
The centaur shoots an arrow.
The arrow hits you! The arrow burns you.
You see here an arrow.
The centaur shoots an arrow.
The arrow hits you! The arrow burns you.
* * * LOW HITPOINT WARNING * * *
x2 The centaur shoots an arrow.
The arrow hits you!
* * * LOW HITPOINT WARNING * * *
The arrow burns you.
You die...

###### #.........# ############
.....#####>........###..........#
........##.........'.#..........+
.....##.##......c..#.#.........<#
.....##..'......)..#.'..........#
.....#####.........###..........#
.....# #.........# #..........#
.....# #.........# #..........#
.##### #.....[s..# ########'###
..# #......(..# #..# #.##
###...(.### #.## #..# ###..######
###'## ##'######.........#
#....### ......#...........#
#....'.. ......#.#.........#
#....### ......#.#.........#
#....# ..^...#.#.........# #....#


You could see a centaur.

Vanquished Creatures
  2 sky beasts
  An ogre (D:4)
  A centaur (D:5)
  2 scorpions
  A vampire bat (D:4)
  A hippogriff skeleton (D:6)
  A crimson imp (D:6)
  A jelly (D:5)
  An orc priest (D:6)
  3 orc wizards
  An iguana (D:6)
  2 worker ants
  An ogre skeleton (D:5)
  6 adders
  An inept feature mimic (D:2)
  A giant mite (D:2)
  A worm (D:2)
  An adder skeleton (D:4)
  4 giant geckos
  2 oozes
  18 orcs
  10 bats
  A bat skeleton (D:4)
  4 bat zombies (D:4)
  7 hobgoblins
  12 jackals
  7 kobolds
  6 quokkas
  4 giant cockroaches
  6 giant newts
  17 goblins
  A kobold skeleton (D:5)
  An orc skeleton (D:4)
  9 rats
137 creatures vanquished.

Notes
Turn   | Place    | Note
--------------------------------------------------------------
     0 | D:1      | Crauler, the Draconian Transmuter, began the quest for the Orb.
     0 | D:1      | Reached XP level 1. HP: 16/16 MP: 3/3
   217 | D:1      | Reached XP level 2. HP: 15/23 MP: 4/4
   706 | D:2      | Reached XP level 3. HP: 19/28 MP: 4/6
  1301 | D:2      | Reached XP level 4. HP: 27/35 MP: 7/7
  1984 | D:3      | Reached skill level 4 in Unarmed Combat
  2743 | D:4      | Reached XP level 5. HP: 37/41 MP: 9/9
  2761 | D:4      | Learned a level 3 spell: Spider Form
  2854 | D:4      | Noticed an ogre
  2872 | D:4      | Killed an ogre
  3184 | D:4      | Reached XP level 6. HP: 43/49 MP: 1/11
  3564 | D:4      | Found an ancient bone altar of Kikubaaqudgha.
  3855 | D:5      | Entered Level 5 of the Dungeon
  3934 | D:5      | Found Osauhaeb's Weapon Shop.
  4013 | D:5      | Found a shimmering altar of Xom.
  4014 | D:5      | Noticed an angel
  4015 | D:5      | Found a glowing silver altar of Zin.
  4233 | D:5      | Found Clushiang's General Store.
  4261 | D:5      | Reached skill level 5 in Unarmed Combat
  4261 | D:5      | Your scales start taking on a rich purple colour.
  4261 | D:5      | Reached XP level 7. HP: 52/56 MP: 15/15
  4486 | D:5      | Found Atiemupi's Food Emporium.
  4751 | D:5      | Found Cruesuit's Book Shoppe.
  5022 | D:6      | Paralysed by a potion of paralysis for 5 turns
  5027 | D:6      | Gained mutation: Your mind is acute. (Int +2) [potion of mutation]
  5027 | D:6      | Gained mutation: Your tail ends in a poisonous barb. [potion of mutation]
  5027 | D:6      | Gained mutation: You tend to lose your temper in combat. [potion of mutation]
  5971 | D:6      | Reached skill level 5 in Transmutations
  6043 | D:6      | Reached XP level 8. HP: 36/63 MP: 18/18
  6103 | D:6      | Shot with an arrow by a centaur

Action                   |  1- 3 |  4- 6 |  7- 9 || total
-------------------------+-------+-------+-------++-------
Melee: Unarmed           |   134 |   303 |   149 ||   586
Throw: Javelin           |       |       |     6 ||     6
 Cast: Beastly Appendage |     4 |     7 |     6 ||    17
       Spider Form       |       |     3 |     3 ||     6
 Abil: Breathe Dispellin |       |       |     1 ||     1
  Use: Potion            |     1 |     6 |     3 ||    10
       Scroll            |       |     9 |       ||     9
 Stab: Sleeping          |       |     1 |     1 ||     2
